 Dungeon Sprint DCSS version 0.23-a0-13-gb09bef45d9 (webtiles) character file.

1248 GordonOverkill the Severer (level 8, -2/83 HPs)
             Began as a Hill Orc Berserker on Aug 1, 2018.
             Was a Priest of Trog.
             Slain by a demonic crawler (7 damage)
             ... in the Dungeon (Sprint I: "Red Sonja").
             The game lasted 00:02:32 (995 turns).

GordonOverkill the Severer (Hill Orc Berserker)      Turns: 995, Time: 00:02:32

Health: -2/83      AC:  3    Str: 22    XL:     8   Next: 50%
Magic:  8/8        EV: 11    Int:  7    God:    Trog [***...]
Gold:   430        SH:  0    Dex: 10    Spells: 7/7 levels left

rFire    . . .     SeeInvis .   a - +0 hand axe
rCold    . . .     Gourm    .   (no shield)
rNeg     . . .     Faith    .   k - +0 leather armour
rPois    .         Spirit   .   (no helmet)
rElec    .         Reflect  .   (no cloak)
rCorr    .         Harm     .   (no gloves)
MR       ++...     NoTele   +   (no boots)
Stlth    +.........             (no amulet)
HPRegen  1.23/turn              (no ring)
MPRegen  0.11/turn              (no ring)

@: starving, regenerating
A: no striking features
a: Berserk, Trog's Hand, Renounce Religion


You were in the Dungeon.
You worshipped Trog.
Trog was most pleased with you.
You were starving.

You visited 1 branch You collected 430 gold pieces.

Inventory:

Hand Weapons
 a - a +0 hand axe (weapon)
Armour
 b - a +0 animal skin
 k - a +0 leather armour (worn)
Wands
 j - a wand of polymorph (21)
Scrolls
 c - 2 scrolls of amnesia
 i - a scroll of blinking
Potions
 d - a potion of curing
 e - a potion of heal wounds
 f - a potion of haste
 g - 2 potions of magic
 h - a potion of berserk rage


   Skills:
 + Level 11.8 Fighting
 - Level 18.8 Axes
 - Level 2.1 Armour
 - Level 1.5 Dodging


You had 7 spell levels left.
You didn't know any spells.
Your spell library was empty.

Dungeon Overview and Level Annotations

Branches:
Dungeon (1/1)

Altars:
Cheibriados
Dithmenos
Elyvilon
Fedhas
Gozag
Hepliaklqana
Kikubaaqudgha
Makhleb
Nemelex Xobeh
Okawaru
Qazlal
Ru
Sif Muna
Trog
Uskayaw
Vehumet
Wu Jian
Xom
Yredelemnul
Zin
The Shining One
Jiyva
Lugonu

Shops:
D =


Message History

The demonic crawler hits you but does no damage.
You hit the demonic crawler but do no damage.
The demonic crawler is almost dead.
You hit the demonic crawler but do no damage.
The demonic crawler closely misses you.
The demonic crawler barely misses you. x2
The demonic crawler closely misses you. The demonic crawler hits you.
* * * LOW HITPOINT WARNING * * *
The demonic crawler hits you but does no damage.
You hit the demonic crawler.
The demonic crawler is almost dead.
You hit the demonic crawler but do no damage.
The demonic crawler closely misses you. The demonic crawler hits you!
* * * LOW HITPOINT WARNING * * *
The demonic crawler hits you.
* * * LOW HITPOINT WARNING * * *
You hit the demonic crawler but do no damage.
The demonic crawler is almost dead.
You hit the demonic crawler but do no damage.
The demonic crawler hits you!
You die...

#####################
.').#..'..#__#..@ss.#
.#..').#..'..'..#ss.##+#
###'#####'#__####...'..#
##..#...#.#### #####..+
_####..##.# ##
____##'#_.+ .∩...'..._#
..__##_.#'# ____###+#.#


You could see 4 demonic crawlers.

Vanquished Creatures
  2 kobold demonologists (D)
  A slime creature (D)
  Sigmund (D)
  A yak (D)
  A floating eye (D)
  An ogre (D)
  A jelly (D)
  Ijyb (D)
9 creatures vanquished.

Vanquished Creatures (others)
  2 hornets (D)
2 creatures vanquished.

Grand Total: 11 creatures vanquished

Notes
Turn   | Place    | Note
-------+----------+-------------------------------------------
     0 | D        | GordonOverkill the Hill Orc Berserker began the quest for the Orb.
     0 | D        | Reached XP level 1. HP: 19/19 MP: 1/1
     1 | D        | Noticed Ijyb
    14 | D        | Killed Ijyb
    14 | D        | Reached skill level 8 in Axes
    14 | D        | Reached XP level 2. HP: 26/26 MP: 2/2
    14 | D        | Reached XP level 3. HP: 31/31 MP: 3/3
    79 | D        | Noticed an ogre
    83 | D        | Killed an ogre
    83 | D        | Reached skill level 12 in Axes
    83 | D        | Reached XP level 4. HP: 33/39 MP: 4/4
   207 | D        | Noticed Sigmund
   237 | D        | Killed Sigmund
   237 | D        | Reached ** piety under Trog
   237 | D        | Reached skill level 15 in Axes
   237 | D        | Reached XP level 5. HP: 28/45 MP: 5/5
   237 | D        | Reached XP level 6. HP: 32/51 MP: 6/6
   407 | D        | Found a deep blue altar of Sif Muna.
   408 | D        | Found an ornate altar of the Wu Jian Council.
   409 | D        | Found a radiant altar of Vehumet.
   414 | D        | Reached skill level 16 in Axes
   445 | D        | Found Edick's Jewellery Emporium.
   445 | D        | Found an ancient bone altar of Kikubaaqudgha.
   445 | D        | Found a hazy altar of Hepliaklqana.
   445 | D        | Found a hide-covered altar of Uskayaw.
   445 | D        | Found a basalt altar of Yredelemnul.
   445 | D        | Found an opulent altar of Gozag.
   445 | D        | Found a snail-covered altar of Cheibriados.
   445 | D        | Found a sacrificial altar of Ru.
   445 | D        | Found a shadowy altar of Dithmenos.
   445 | D        | Noticed a yak
   460 | D        | Killed a yak
   460 | D        | Reached skill level 17 in Axes
   460 | D        | Reached XP level 7. HP: 27/57 MP: 7/7
   461 | D        | Found a stormy altar of Qazlal.
   461 | D        | Found a blossoming altar of Fedhas.
   461 | D        | Found a bloodstained altar of Trog.
   461 | D        | Found an iron altar of Okawaru.
   461 | D        | Found a glowing golden altar of the Shining One.
   461 | D        | Found a glowing silver altar of Zin.
   461 | D        | Found a white marble altar of Elyvilon.
   462 | D        | Found a sparkling altar of Nemelex Xobeh.
   632 | D        | Found a viscous altar of Jiyva.
   632 | D        | Found a corrupted altar of Lugonu.
   632 | D        | Noticed a slime creature
   633 | D        | Found a burning altar of Makhleb.
   633 | D        | Found a shimmering altar of Xom.
   644 | D        | Killed a slime creature
   644 | D        | Reached *** piety under Trog
   644 | D        | Reached skill level 18 in Axes
   793 | D        | Killed a hornet
   851 | D        | Noticed a kobold demonologist
   851 | D        | Noticed a kobold demonologist
   852 | D        | Paralysed by a floating eye for 4 turns
   853 | D        | Noticed a soul eater
   854 | D        | Noticed an ice devil
   863 | D        | Killed a hornet
   866 | D        | Noticed a soul eater
   866 | D        | Killed a kobold demonologist
   866 | D        | Reached XP level 8. HP: 79/79 MP: 8/8
   873 | D        | Killed a kobold demonologist
   873 | D        | Reached **** piety under Trog
   981 | D        | Noticed a demonic crawler
   981 | D        | Noticed a demonic crawler
   981 | D        | Noticed a demonic crawler
   981 | D        | Noticed a demonic crawler
   994 | D        | HP: 4/83 [demonic crawler (2)]
   995 | D        | Slain by a demonic crawler

Vault maps used:
D:        dungeon_sprint_1

Skill      XL: |  1  2  3  4  5  6  7  8 |
---------------+-------------------------+-----
Axes           | 8 12 15 17 18 | 18.8
Fighting       | 9 11 | 11.8
Armour         | |  2.1
Dodging        | |  1.5

Action                   |  1- 3 |  4- 6 |  7- 9 || total
-------------------------+-------+-------+-------++-------
Melee: Hand axe          |    13 |    35 |    36 ||    84
Invok: Berserk           |     2 |     1 |     2 ||     5
       Trog's Hand       |       |       |     1 ||     1
       Brothers in Arms  |       |       |     1 ||     1
  Use: Scroll            |       |       |     1 ||     1
 Stab: Distracted        |       |       |     1 ||     1
  Eat: Ration            |       |       |     1 ||     1
Armor: Animal skin       |     1 |       |       ||     1
       Leather armour    |       |     3 |     6 ||     9
Dodge: Dodged            |     7 |     9 |    17 ||    33

Table legend:
 A = Spawn XP
 B = Non-spawn XP
 C = Spawn XP percentage of total XP
 D = Spawn monster count
 E = Non-spawn monster count
 F = Spawn count percentage of total count
 G = Total turns spent on level
                    A         B        C        D         E        F      G
               +---------+---------+-------+---------+---------+-------+---------
         Total |       0 |    1784 |   0.0 |       0 |       9 |   0.0 |   995
               +---------+---------+-------+---------+---------+-------+---------
             D |       0 |    1784 |   0.0 |       0 |       9 |   0.0 |   995
               +---------+---------+-------+---------+---------+-------+---------
